[Event "Early-Titled-Tuesday-Blitz-July-09-2024"]
[Site "Chess.com"]
[Date "2024.07.09"]
[Round "1"]
[White "paranoyak"]
[Black "Boudicca64"]
[Result "1-0"]
[WhiteElo "2545"]
[BlackElo "1937"]
[TimeControl "180+1"]
[EndTime "8:06:21 PDT"]
[Termination "paranoyak won by resignation"]

1. e4 g6 2. d4 Bg7 3. h4 h5 4. Nf3 c5 5. dxc5 Qa5+ 6. c3 Qxc5 7. Na3 Nf6 8. Be3 Qa5 9. Bd3 O-O 10. Nc4 Qc7 11.
Qe2 d5 12. Ncd2 b6 13. O-O-O Bb7 14. e5 Ng4 15. Bf4 Nd7 16. Rde1 f6 17. exf6 Qxf4 18. Qe6+ Rf7 19. Bxg6 Rf8 20. Ng5 Nde5 21. fxg7 Kxg7 22. Bxf7 Nxf7 23. f3 Nf2 24. Qxe7 Nd3+ 25. Kd1 Nxe1 26. Ne6+ 1-0

[Event "Early-Titled-Tuesday-Blitz-July-09-2024"]
[Site "Chess.com"]
[Date "2024.07.09"]
[Round "1"]
[White "shimastream"]
[Black "EgorYakovlev"]
[Result "1-0"]
[WhiteElo "2915"]
[BlackElo "2499"]
[TimeControl "180+1"]
[EndTime "8:06:22 PDT"]
[Termination "shimastream won by checkmate"]

1. e4 c5 2. Nf3 d6 3. d4 cxd4 4. Qxd4 Nc6 5. Bb5 Bd7 6. Qd3 a6 7. Bxc6 Bxc6 8. c4 Nf6 9. Nc3 g6 10. O-O Bg7 11. h3 O-O 12. Nd4 Qc7 13. Bg5 Rac8 14.
Rac1 Qd7 15. Rfe1 Rfd8 16. Nd5 Bxd5 17. exd5 Re8 18. b3 h6 19. Bd2 b5 20. cxb5 Nxd5 21. bxa6 e6 22. Nb5 Ra8 23. a7 Rxa7 24. Nxa7 Qxa7 25.
a4 Bd4 26. Re2 e5 27. Bxh6 Nb4 28. Qf3 e4 29. Rxe4 Bxf2+ 30. Kh1 Rxe4 31. Qxe4 Bd4 32. Rc8+ Kh7 33. Bd2 Na6 34. Qh4+ Kg7 35. Qh8# 1-0

[Event "Early-Titled-Tuesday-Blitz-July-09-2024"]
[Site "Chess.com"]
[Date "2024.07.09"]
[Round "1"]
[White "NovakRatko"]
[Black "AcostaPablo"]
[Result "0-1"]
[WhiteElo "2363"]
[BlackElo "2676"]
[TimeControl "180+1"]
[EndTime "8:06:23 PDT"]
[Termination "AcostaPablo won by resignation"]

1. d4 Nf6 2. c4 e6 3. Bg5 Bb4+ 4. Nd2 h6 5. Bxf6 Qxf6 6. Nf3 Nc6 7. a3 Bxd2+ 8. Qxd2 d6 9. e4 e5 10. d5 Ne7 11.
Be2 O-O 12. h3 Qg6 13. Qe3 f5 14. Nh4 Qf6 15. Nxf5 Bxf5 16. exf5 Nxf5 17. Qd2 Nd4 18. O-O Qg5 19. Qd3 Rf4 20. Bg4 Raf8 21. f3 h5 22. Bd7 Nxf3+ 23. Kh1 Nd4 24. Rxf4 Rxf4 25. b4 Rf2 26. Rg1 Ne2 27. Be6+ Kh8 28. Qd1 Nxg1 29. Qxg1 Qf4 0-1

[Event "Early-Titled-Tuesday-Blitz-July-09-2024"]
[Site "Chess.com"]
[Date "2024.07.09"]
[Round "1"]
[White "AEMEffi"]
[Black "Crazy_girl99"]
[Result "1/2-1/2"]
[WhiteElo "2323"]
[BlackElo "2628"]
[TimeControl "180+1"]
[EndTime "8:06:23 PDT"]
[Termination "Game drawn by repetition"]

1. d4 Nf6 2. c4 e6 3. Nc3 Bb4 4. e3 O-O 5. Ne2 b6 6. f3 Bb7 7. a3 Be7 8. e4 d5 9. e5 Nfd7 10. cxd5 exd5 11. Be3 c5 12. f4 Nc6 13. Nxd5 Bh4+ 14. g3 Nxd4 15. Nxd4 Bxd5 16. Nf3 Bxf3 17. Qxf3 Be7 18. Rd1 Qc7 19. Bb5 Rad8 20. O-O c4 21.
Rc1 Bc5 22. Bxc4 Bxe3+ 23. Qxe3 Qc5 24. Qxc5 Nxc5 25. Rfd1 a5 26. Kf2 g6 27. Ke3 Na4 28. b3 Nc5 29. b4 axb4 30. axb4 Na4 31. Rxd8 Rxd8 32. Bb3 Nb2 33. Rc3 b5 34. Ke2 Rd7 35. e6 Re7 36. Re3 f5 37. Rc3 Kg7 38. Rc5 Na4 39. Bxa4 bxa4 40. Rc6 Kf6 41. Kd3 Rxe6 42. Rxe6+ Kxe6 43. Kc4 Kd6 44. b5 a3 45. Kb3 Kc5 46. Kxa3 Kxb5 47. Kb3 Kc5 48. Kc3 Kd5 49. Kd3 Kc5 50.
Kc3 Kd5 51. Kd3 Kc5 52. Kc3 1/2-1/2

[Event "Early-Titled-Tuesday-Blitz-July-09-2024"]
[Site "Chess.com"]
[Date "2024.07.09"]
[Round "1"]
[White "Dedic8"]
[Black "Cxrjs"]
[Result "1-0"]
[WhiteElo "2974"]
[BlackElo "2517"]
[TimeControl "180+1"]
[EndTime "8:06:24 PDT"]
[Termination "Dedic8 won on time"]

1. d4 Nf6 2. c4 g6 3. Nc3 Bg7 4. e4 d6 5. Be2 O-O 6. Be3 a5 7. Nf3 e5 8. d5 Na6 9. Nd2 Nd7 10. O-O f5 11. exf5 gxf5 12. f4 Ndc5 13. Kh1 Kh8 14.
Nf3 b6 15. Qd2 Bd7 16. Rae1 e4 17. Nd4 Qe8 18. Ncb5 Qg6 19. b3 Rg8 20. Rg1 Bf6 21. a3 Rg7 22. b4 Nd3 23. Bxd3 exd3 24. Ne6 Bxe6 25. dxe6 Rag8 26. bxa5 Qh5 27. Qxd3 Rg6 28. Bd4 Bxd4 29. Qxd4+ R8g7 30. Re3 Rh6 31. Rh3 1-0

[Event "Early-Titled-Tuesday-Blitz-July-09-2024"]
[Site "Chess.com"]
[Date "2024.07.09"]
[Round "1"]
[White "Iskusnyh"]
[Black "pinguino120"]
[Result "1-0"]
[WhiteElo "2672"]
[BlackElo "2358"]
[TimeControl "180+1"]
[EndTime "8:06:24 PDT"]
[Termination "Iskusnyh won by resignation"]

1. d4 Nf6 2. c4 e6 3. g3 d5 4. Bg2 dxc4 5. Nf3 Nc6 6. O-O Be7 7. Qa4 O-O 8. Qxc4 a6 9. Nc3 Rb8 10.
Rd1 Nb4 11. e4 b5 12. Qe2 Bb7 13. Bf4 Qc8 14. Rac1 Nh5 15. Be3 Nf6 16. a3 Nc6 17. d5 Na5 18. Nd2 Rd8 19. b4 Nc4 20. Nxc4 bxc4 21.
Bh3 c6 22. dxe6 fxe6 23. Qxc4 Rxd1+ 24. Rxd1 Qf8 25. Qxe6+ Kh8 26. Bg2 Re8 27. Qc4 Ng4 28.
Bb6 c5 29. Bxc5 Bxc5 30. Qxc5 Qf6 31. h3 Rc8 32. Qd4 Ne5 33. Nd5 Bxd5 34. exd5 Rc4 35. Qa7 Rc2 36. Qa8+ 1-0

[Event "Early-Titled-Tuesday-Blitz-July-09-2024"]
[Site "Chess.com"]
[Date "2024.07.09"]
[Round "1"]
[White "Noki102"]
[Black "Beca95"]
[Result "0-1"]
[WhiteElo "2522"]
[BlackElo "2992"]
[TimeControl "180+1"]
[EndTime "8:06:26 PDT"]
[Termination "Beca95 won by checkmate"]

1. Nc3 d5 2. d4 Nf6 3. Bf4 e6 4. Nb5 Bb4+ 5. c3 Ba5 6. a4 a6 7. b4 Bb6 8. a5 axb5 9. axb6 Rxa1 10. Qxa1 Na6 11. bxc7 Qd7 12. Qa5 Qc6 13. Bd2 b6 14. Qa3 Ne4 15. Nf3 f6 16. e3 O-O 17. Bd3 Nxc7 18.
O-O Bd7 19. Ra1 g5 20. h3 Be8 21. Qb2 Bg6 22. Be1 Ra8 23. Bb1 Nd6 24. Bxg6 hxg6 25. Nd2 Ra4 26. f3 Qa8 27. Rc1 Kf7 28. Bg3 Ra2 29.
Qb1 Nf5 30. Nf1 Ne8 31. e4 Nxg3 32. Nxg3 Nd6 33. Re1 Rd2 34. e5 Nc4 35. exf6 Qa2 36. Kh1 Rxg2 37. Nf1 Qf2 38. Qa1 Rg1# 0-1

[Event "Early-Titled-Tuesday-Blitz-July-09-2024"]
[Site "Chess.com"]
[Date "2024.07.09"]
[Round "1"]
[White "chessbaerchen"]
[Black "mapleaff"]
[Result "1-0"]
[WhiteElo "2648"]
[BlackElo "2332"]
[TimeControl "180+1"]
[EndTime "8:06:26 PDT"]
[Termination "chessbaerchen won on time"]

1. e4 c5 2. Nf3 Nc6 3. d4 cxd4 4. Nxd4 e5 5. Nb5 d6 6. c4 a6 7. N5c3 Be6 8. Bd3 Nf6 9. Nd5 Bxd5 10. exd5 Ne7 11.
Nc3 g6 12. O-O Bg7 13. f4 exf4 14. Bxf4 O-O 15. Bg5 Nd7 16. Kh1 f6 17. Bf4 Ne5 18. Ne4 Rc8 19. Bxe5 fxe5 20. Qb3 Qd7 21. c5 Nf5 22. c6 Qe7 23. cxb7 Rb8 24. Bxa6 Nd4 25. Qb6 Qh4 26. Qxd6 Qxe4 27. Rxf8+ Rxf8 28. b8=Q Rxb8 29. Qxb8+ Bf8 30. d6 Nf5 31. d7 Ne3 32. Bb7 Qd4 33. d8=Q 1-0

[Event "Early-Titled-Tuesday-Blitz-July-09-2024"]
[Site "Chess.com"]
[Date "2024.07.09"]
[Round "1"]
[White "Irina_Mikhaylova"]
[Black "Witik"]
[Result "1/2-1/2"]
[WhiteElo "2386"]
[BlackElo "2683"]
[TimeControl "180+1"]
[EndTime "8:06:27 PDT"]
[Termination "Game drawn by repetition"]

1. d4 Nf6 2. Nf3 g6 3. c4 Bg7 4. Nc3 d5 5. cxd5 Nxd5 6. e4 Nxc3 7. bxc3 c5 8. Bb5+ Nc6 9. O-O O-O 10. Bxc6 bxc6 11. Be3 cxd4 12. cxd4 c5 13. Rc1 cxd4 14.
Bxd4 Be6 15. Bxg7 Qxd1 16. Rfxd1 Kxg7 17. a3 Bb3 18. Rd7 Rfc8 19. Rxc8 Rxc8 20. h4 a5 21. Rxe7 Rc1+ 22. Kh2 Ra1 23. e5 Rxa3 24. Ng5 h6 25. Ne4 a4 26. Nf6 h5 27. Re8 Be6 28.
Rg8+ Kh6 29. Rh8+ Kg7 30. Rg8+ Kh6 31. Rh8+ Kg7 32. Rg8+ 1/2-1/2

[Event "Early-Titled-Tuesday-Blitz-July-09-2024"]
[Site "Chess.com"]
[Date "2024.07.09"]
[Round "1"]
[White "bubeliang"]
[Black "EdenDzung06"]
[Result "1-0"]
[WhiteElo "2822"]
[BlackElo "2453"]
[TimeControl "180+1"]
[EndTime "8:06:29 PDT"]
[Termination "bubeliang won by checkmate"]

1. e4 c6 2. d4 d5 3. Nc3 dxe4 4. Nxe4 Bf5 5. Ng3 Bg6 6. h4 h6 7. Nf3 Nd7 8. Bf4 e6 9. Bd3 Bxd3 10. Qxd3 Qa5+ 11.
c3 Be7 12. O-O Ngf6 13. Rfe1 O-O 14. Nf5 exf5 15. Rxe7 Rae8 16. b4 Qd5 17. c4 Qe4 18.
Rxe4 fxe4 19. Qc3 exf3 20. Qxf3 Re4 21. Rd1 Rfe8 22. g3 Nb6 23. Be5 Nbd7 24. Bxf6 Nxf6 25.
Kg2 Rd8 26. Qc3 Re2 27. Qf3 Re4 28. d5 Rxc4 29. dxc6 Rxd1 30. Qxd1 Rxc6 31. b5 Re6 32. Qd8+ Ne8 33. Qd7 Re2 34. a4 a6 35. Qxb7 axb5 36. a5 Kh7 37. a6 Nd6 38. Qd5 Ne4 39. a7 Rxf2+ 40. Kg1 f5 41. a8=Q Nxg3 42. Qag8+ Kg6 43. Qdf7# 1-0

[Event "Early-Titled-Tuesday-Blitz-July-09-2024"]
[Site "Chess.com"]
[Date "2024.07.09"]
[Round "1"]
[White "Ganziitoo"]
[Black "el_sporco"]
[Result "0-1"]
[WhiteElo "2099"]
[BlackElo "2558"]
[TimeControl "180+1"]
[EndTime "8:06:29 PDT"]
[Termination "el_sporco won by resignation"]

1. e4 e5 2. Nf3 Nc6 3. Bc4 Nf6 4. d3 Bc5 5. O-O O-O 6. c3 d5 7. exd5 Nxd5 8. Nbd2 Nb6 9. Bb5 Bd6 10. Ne4 Bd7 11. a4 a6 12. Nxd6 cxd6 13. Bc4 Nxc4 14. dxc4 Be6 15.
b3 h6 16. Re1 Qb6 17. Rb1 Rfd8 18. Be3 Qc7 19. Qc2 Rac8 20. Rbc1 Qb8 21. Nd2 b5 22. axb5 axb5 23. cxb5 Qxb5 24. c4 Qb7 25. Ra1 Nb4 26. Qc3 d5 27. Qxe5 Nd3 28. Qg3 Nxe1 29. Bxh6 f6 30.
Rxe1 dxc4 31. Rxe6 c3 32. Nf1 c2 33. Bc1 Rd1 34.
Qe3 Qb5 0-1

[Event "Early-Titled-Tuesday-Blitz-July-09-2024"]
[Site "Chess.com"]
[Date "2024.07.09"]
[Round "1"]
[White "hakanazeri2"]
[Black "Os55555"]
[Result "1-0"]
[WhiteElo "2608"]
[BlackElo "2268"]
[TimeControl "180+1"]
[EndTime "8:06:30 PDT"]
[Termination "hakanazeri2 won by resignation"]

1. Nf3 d5 2. d4 Nf6 3. c4 e6 4.
g3 Be7 5. Bg2 O-O 6. O-O a5 7.
Qc2 Na6 8. a3 b6 9. cxd5 exd5 10. Ne5 Bb7 11. Nc6 Qe8 12. Nxe7+ Qxe7 13. Nc3 Rac8 14.
Bg5 c5 15. Rad1 h6 16. Bxf6 Qxf6 17. Bxd5 Bxd5 18. Nxd5 Qd6 19. dxc5 Rxc5 20. Qb3 Qe6 21.
Qf3 Rc2 22. Nf4 Qa2 23. Qd3 Qc4 24. Qxc4 Rxc4 25. Rc1 Rfc8 26. Nd3 b5 27. f3 Nc5 28. Rxc4 bxc4 29. Nxc5 Rxc5 30. Rc1 a4 31. Kf2 Kf8 32.
g4 Ke7 33. h4 Kd6 34. f4 Kd5 35. Kf3 Rb5 36. Rc2 Kd4 37. e3+ Kd5 38. Rd2+ Kc5 39. Rd7 Rxb2 40. Rxf7 Rb6 41. Rxg7 c3 42. Rc7+ Rc6 43.
Rxc6+ Kxc6 44. Ke2 1-0

[Event "Early-Titled-Tuesday-Blitz-July-09-2024"]
[Site "Chess.com"]
[Date "2024.07.09"]
[Round "1"]
[White "Rud_Makarian"]
[Black "kacperkarwowski"]
[Result "0-1"]
[WhiteElo "3000"]
[BlackElo "2542"]
[TimeControl "180+1"]
[EndTime "8:06:33 PDT"]
[Termination "kacperkarwowski won on time"]

1. d4 d5 2. c4 e6 3. Nf3 c6 4.
g3 dxc4 5. Bg2 b5 6. O-O Bb7 7. b3 cxb3 8. Qxb3 Nf6 9. Ne5 a6 10. Nc3 Qxd4 11. Bf4 Nd5 12. Nxd5 exd5 13. e4 Qb4 14. Qc2 d4 15. Nd3 Qa3 16. Bc1 Qc3 17.
Qb1 Ba3 18. Bxa3 Qxa3 19. Rc1 O-O 20. Nc5 Bc8 21. e5 Nd7 22. Nd3 Bb7 23. Bxc6 Bxc6 24. Rxc6 Rac8 25. Rd6 Nxe5 26. Nxe5 Qxd6 27. Qf5 Qe6 28. Qf4 Rfe8 29. Nf3 Qe4 0-1

[Event "Early-Titled-Tuesday-Blitz-July-09-2024"]
[Site "Chess.com"]
[Date "2024.07.09"]
[Round "1"]
[White "ChessFighter_2011"]
[Black "GameOverBro"]
[Result "1-0"]
[WhiteElo "2952"]
[BlackElo "2513"]
[TimeControl "180+1"]
[EndTime "8:06:34 PDT"]
[Termination "ChessFighter_2011 won on time"]

1. e4 d6 2. d4 Nf6 3. Nc3 e5 4. g3 Nbd7 5. Bg2 c6 6. Nge2 h5 7.
h3 Be7 8. b3 b5 9. Bb2 Bb7 10. a3 a5 11. O-O O-O 12. Qd2 Re8 13. Rad1 Qb6 14. Kh1 Bf8 15. f4 Rad8 16. fxe5 dxe5 17.
Qg5 Be7 18. Qf5 Bc8 19. dxe5 g6 20. Qf4 Nxe5 21. Qxe5 Rxd1 22. Nxd1 Bd8 23. Qc3 Re6 24. e5 1-0

[Event "Early-Titled-Tuesday-Blitz-July-09-2024"]
[Site "Chess.com"]
[Date "2024.07.09"]
[Round "1"]
[White "Shivananda1964"]
[Black "Lector118"]
[Result "0-1"]
[WhiteElo "2361"]
[BlackElo "2673"]
[TimeControl "180+1"]
[EndTime "8:06:34 PDT"]
[Termination "Lector118 won by resignation"]

1. e4 c5 2. Nf3 Nc6 3. c3 d5 4. exd5 Qxd5 5. d4 Nf6 6. Be2 e6 7. O-O cxd4 8. cxd4 Be7 9. Nc3 Qd6 10. a3 O-O 11. b4 b6 12. Be3 Bb7 13. Qb3 Rfd8 14.
Rad1 Rac8 15. d5 exd5 16. Nb5 Qb8 17. g3 a6 18. Bf4 Qa8 19. Nbd4 Ne4 20. Nxc6 Bxc6 21.
Nd4 Bb7 22. Bg4 Rc4 23. Nf5 Bf6 24. Ne3 Rd4 25. Rxd4 Bxd4 26. Rd1 Bxe3 27. Bxe3 b5 28. Bd4 Qb8 29. Qe3 Qd6 30. Bf5 Qe7 31. Bxe4 dxe4 32.
Bc5 Rxd1+ 0-1

[Event "Early-Titled-Tuesday-Blitz-July-09-2024"]
[Site "Chess.com"]
[Date "2024.07.09"]
[Round "1"]
[White "klauser63"]
[Black "DucksParadise"]
[Result "0-1"]
[WhiteElo "2310"]
[BlackElo "2631"]
[TimeControl "180+1"]
[EndTime "8:06:34 PDT"]
[Termination "DucksParadise won on time"]

1. e4 b6 2. d4 Bb7 3. Nc3 e6 4. Nf3 Bb4 5. Bd3 d5 6. e5 c5 7. a3 Bxc3+ 8. bxc3 Ba6 9. O-O Ne7 10. a4 Bxd3 11.
Qxd3 Nbc6 12. Ba3 Qc7 13. Rfe1 O-O 14. dxc5 Rfc8 15. cxb6 axb6 16. Bd6 Qd8 17. Nd4 Nxd4 18. cxd4 Nf5 19. c3 Nxd6 20. exd6 Qxd6 21. Reb1 Rc4 22.
Qc2 g6 23. Qb3 Qc6 24. Qxb6 Qxb6 25. Rxb6 Rxc3 26. Rb4 Ra5 27. Kf1 Rc2 28. Ke1 h5 29. Rb5 Rxb5 30. axb5 Rb2 31. Ra8+ Kg7 32. Rb8 Rb4 0-1

[Event "Early-Titled-Tuesday-Blitz-July-09-2024"]
[Site "Chess.com"]
[Date "2024.07.09"]
[Round "1"]
[White "JoliyRoger"]
[Black "CSB7"]
[Result "0-1"]
[WhiteElo "2429"]
[BlackElo "2781"]
[TimeControl "180+1"]
[EndTime "8:06:35 PDT"]
[Termination "CSB7 won by resignation"]

1. d4 Nf6 2. c4 g6 3. Nc3 d5 4. Nf3 Bg7 5. cxd5 Nxd5 6. Na4 O-O 7. e4 Nb6 8. Be3 Nc6 9. Be2 Bg4 10. Nxb6 axb6 11.
d5 Ne5 12. Nxe5 Bxe2 13. Qxe2 Bxe5 14. O-O Qd7 15. Rfd1 Ra4 16. Qc2 Rfa8 17. a3 f5 18. exf5 gxf5 19. g3 f4 20. Bxf4 Bxf4 21. gxf4 Qg4+ 22.
Kf1 Qh3+ 23. Ke2 Rxf4 24. Rd3 Rxf2+ 25. Kxf2 Qxh2+ 26. Ke3 Qxc2 27. Rg1+ Kf7 0-1

[Event "Early-Titled-Tuesday-Blitz-July-09-2024"]
[Site "Chess.com"]
[Date "2024.07.09"]
[Round "1"]
[White "Rosh1610"]
[Black "Andrei_Skvortsov"]
[Result "1-0"]
[WhiteElo "2470"]
[BlackElo "2806"]
[TimeControl "180+1"]
[EndTime "8:06:37 PDT"]
[Termination "Rosh1610 won by resignation"]

1. e4 c5 2. Nf3 d6 3. d4 cxd4 4. Nxd4 Nf6 5. Nc3 g6 6. Be3 Bg7 7. f3 O-O 8. Bc4 Nc6 9. Qd2 Bd7 10. Bb3 Na5 11. h4 Rc8 12. O-O-O Nc4 13. Bxc4 Rxc4 14.
h5 Qa5 15. hxg6 fxg6 16. Kb1 Rfc8 17. Nb3 Qa6 18. Bd4 e5 19. Be3 R4c6 20. Nd5 Qc4 21.
Ne7+ Kf7 22. Nxc6 Qxc6 23. c3 Bf8 24. Bg5 h5 25. Bxf6 Kxf6 26. Rhf1 Be6 27. f4 exf4 28.
Qxf4+ Kg7 29. Qf6+ Kh7 30. Qxe6 Re8 31. Rf7+ Bg7 32. Qf6 Qxe4+ 33. Ka1 Rg8 34. Qxd6 Qxg2 35. a3 Qg4 36. Qd7 Qe2 37. Rg1 Qe3 38. Rg2 Qe4 39. Rgf2 Kh6 40. Qd2+ Kh7 41. Re2 Qc4 42. Ree7 Qxb3 43.
Qd4 Kh6 44. Rxg7 Rf8 45. Qe3+ 1-0

[Event "Early-Titled-Tuesday-Blitz-July-09-2024"]
[Site "Chess.com"]
[Date "2024.07.09"]
[Round "1"]
[White "Rile-Man"]
[Black "xh4823"]
[Result "0-1"]
[WhiteElo "2641"]
[BlackElo "2394"]
[TimeControl "180+1"]
[EndTime "8:06:37 PDT"]
[Termination "xh4823 won by resignation"]

1. d4 d5 2. Bf4 c5 3. e3 Nc6 4. Nf3 Nf6 5. Nbd2 e6 6. c3 Bd6 7. Bg3 O-O 8. Bd3 b6 9. Qe2 Bb7 10. Rd1 Rc8 11. e4 dxe4 12. Nxe4 Nxe4 13. Bxe4 cxd4 14.
Nxd4 Nxd4 15. Rxd4 Bxe4 16. Qxe4 e5 17. Bxe5 Re8 18.
f4 Qh4+ 19. g3 Qh6 20. O-O Bc5 21. Rd1 f6 22. Qd5+ Kh8 23. Bd6 Re2 24. h4 Qg6 25. Qf3 Bxd4+ 26. Rxd4 Qb1+ 27. Qf1 Re1 28. Qxe1 Qxe1+ 29. Kg2 Qe2+ 30. Kh3 Qf1+ 31. Kh2 Re8 32. Be7 h5 33. Rd7 Qe2+ 34. Kh3 Qxe7 35. Rxe7 Rxe7 36. g4 Re2 37. gxh5 Rxb2 38. h6 gxh6 39. Kg4 Kh7 40. Kh5 Kg7 41. f5 Rb5 42. c4 Re5 43. Kg4 h5+ 44.
Kf4 a5 45. a4 Rc5 46. Ke4 Rxc4+ 47. Kd5 Rxa4 48. Ke6 Rb4 49. Kd6 a4 50. Kc6 a3 51.
Kd5 a2 0-1

[Event "Early-Titled-Tuesday-Blitz-July-09-2024"]
[Site "Chess.com"]
[Date "2024.07.09"]
[Round "1"]
[White "FrenchPlayer2203"]
[Black "gau248"]
[Result "0-1"]
[WhiteElo "2296"]
[BlackElo "2621"]
[TimeControl "180+1"]
[EndTime "8:06:37 PDT"]
[Termination "gau248 won on time"]

1. d4 d5 2. c4 e6 3. Nc3 Nf6 4.
Nf3 Nbd7 5. Bf4 Bb4 6. e3 O-O 7. cxd5 exd5 8. Bd3 c5 9. dxc5 Nxc5 10. O-O Bg4 11. Be2 Re8 12. Rc1 Rc8 13. Nd4 Bd7 14. Bf3 Nce4 15. Qd3 a6 16. a3 Bxc3 17. bxc3 b5 18.
h3 Qa5 19. Ne2 Bf5 20. Qd1 Qxa3 21. Ra1 Qc5 22. Rxa6 Nxc3 23. Nxc3 Qxc3 24. Rb6 Bd3 25. Re1 Ne4 26. Qa1 Qd2 27. Bg3 Nxg3 28. fxg3 Rxe3 29.
Rd1 Qb4 30. Qc1 Ree8 31. Qg5 Qc5+ 32. Kh2 Qxb6 0-1

[Event "Early-Titled-Tuesday-Blitz-July-09-2024"]
[Site "Chess.com"]
[Date "2024.07.09"]
[Round "1"]
[White "SuperGPatzer"]
[Black "rdarruda"]
[Result "1-0"]
[WhiteElo "2152"]
[BlackElo "2551"]
[TimeControl "180+1"]
[EndTime "8:06:37 PDT"]
[Termination "SuperGPatzer won by resignation"]

1. g4 d5 2. h3 e5 3. c4 c6 4. d4 e4 5. Nc3 Nf6 6. g5 Nh5 7. Qb3 Bd6 8. cxd5 O-O 9. h4 cxd5 10. Qxd5 Nc6 11. a3 Re8 12. e3 Be6 13. Qxe4 Bb3 14.
Qf3 g6 15. Nge2 Qa5 16. Bg2 Rad8 17. O-O Qa6 18. Ng3 Nxg3 19. fxg3 Qd3 20. Ne4 Be7 21. Nf6+ Bxf6 22. Qxf6 Rd7 23. d5 Ne5 24. e4 Qxg3 25. Bf4 Qxh4 26. Bxe5 Rxe5 27. Qxe5 Qg3 28. Qxg3 1-0

[Event "Early-Titled-Tuesday-Blitz-July-09-2024"]
[Site "Chess.com"]
[Date "2024.07.09"]
[Round "1"]
[White "wadsy27"]
[Black "prosequi"]
[Result "1-0"]
[WhiteElo "2650"]
[BlackElo "2331"]
[TimeControl "180+1"]
[EndTime "8:06:38 PDT"]
[Termination "wadsy27 won by checkmate"]

1. e4 c5 2. Nf3 Nc6 3. Bb5 g6 4. O-O Bg7 5. Re1 e5 6. a4 Nge7 7. Nc3 O-O 8. d3 d6 9. Bg5 h6 10. Bxe7 Nxe7 11. Bc4 Kh7 12. Nd5 f5 13. Nd2 f4 14. Nxe7 Qxe7 15. a5 g5 16. h3 Qe8 17.
Bd5 Rb8 18. f3 h5 19. Nc4 Qg6 20. Kf2 Bh6 21. Rh1 Qf6 22. Qe2 Kg7 23. Ke1 g4 24.
hxg4 hxg4 25. Kd2 Bd7 26. c3 Rh8 27. Kc2 g3 28. Rh5 Be8 29. Rf5 Qe7 30. d4 Bg6 31. dxe5 Bxf5 32. exf5 dxe5 33. Qe4 Kf6 34. Be6 Bg5 35.
Qxe5# 1-0

[Event "Early-Titled-Tuesday-Blitz-July-09-2024"]
[Site "Chess.com"]
[Date "2024.07.09"]
[Round "1"]
[White "Andreikka"]
[Black "Silent-Killer100"]
[Result "1-0"]
[WhiteElo "3005"]
[BlackElo "2525"]
[TimeControl "180+1"]
[EndTime "8:06:39 PDT"]
[Termination "Andreikka won by resignation"]

1. e4 c5 2. g3 Nc6 3. Bg2 g6 4. Nc3 Bg7 5. d3 e6 6. h4 h5 7. Nf3 d5 8. O-O Nge7 9. Re1 O-O 10. Bg5 d4 11. Nb1 Qb6 12. Bc1 e5 13. Nbd2 Be6 14. Ng5 Bg4 15. Bf3 Bxf3 16. Qxf3 Nb4 17. Qd1 Qc7 18. a4 b6 19. Nc4 Nbc6 20. Bd2 Qd7 21.
Kg2 f6 22. Nf3 Rab8 23. b3 a6 24. a5 b5 25. Nb6 Qe6 26. Qe2 Rb7 27. Bc1 f5 28.
Ng5 Qd6 29. exf5 Nxf5 30. Ne4 Qe7 31. Ba3 b4 32. Bc1 Nxa5 33. Nd5 Qd8 34. Bg5 Qxd5 35.
Rxa5 Rc7 36. Rxa6 Rc6 37. Ra7 Rf7 38. Rea1 Nd6 39. Rxf7 Nxf7 40. Qf3 Qe6 41. Ra8+ Rc8 42. Nxc5 e4 43. Rxc8+ Qxc8 44. Nxe4 Qxc2 45. Nf6+ Bxf6 46. Bxf6 Qxb3 47. Qa8+ Kh7 48. Qf8 Qd5+ 49. Kh2 1-0

[Event "Early-Titled-Tuesday-Blitz-July-09-2024"]
[Site "Chess.com"]
[Date "2024.07.09"]
[Round "1"]
[White "Barbix1"]
[Black "brm72"]
[Result "0-1"]
[WhiteElo "2350"]
[BlackElo "2667"]
[TimeControl "180+1"]
[EndTime "8:06:39 PDT"]
[Termination "brm72 won by resignation"]

1. d4 Nf6 2. c4 e6 3. Nf3 c5 4. d5 exd5 5. cxd5 g6 6. Nc3 d6 7.
Nd2 Nbd7 8. e4 Bg7 9. Be2 O-O 10.
O-O Re8 11. a4 a6 12. Ra3 Rb8 13. a5 h6 14. Qc2 g5 15. f4 gxf4 16. Nc4 Ne5 17.
Bxf4 Nxc4 18. Bxc4 Qe7 19. Bd3 Nd7 20. Ne2 Ne5 21. Ng3 Qh4 22. Qd2 Bd7 23. Be2 b5 24. axb6 Rxb6 25. Rxa6 Rxb2 26. Qe3 Ng4 27. Bxg4 Qxg4 28.
Qf3 Qxf3 29. Rxf3 Bd4+ 30. Kh1 Bb5 31. Rxd6 Rb1+ 32. Nf1 Bxf1 33. h3 Be2+ 34. Kh2 Bxf3 35. gxf3 0-1

[Event "Early-Titled-Tuesday-Blitz-July-09-2024"]
[Site "Chess.com"]
[Date "2024.07.09"]
[Round "1"]
[White "nicolochessit"]
[Black "Mikhail_Golubev"]
[Result "0-1"]
[WhiteElo "2321"]
[BlackElo "2643"]
[TimeControl "180+1"]
[EndTime "8:06:39 PDT"]
[Termination "Mikhail_Golubev won on time"]

1. d4 Nf6 2. Nc3 e6 3. Bg5 Bb4 4. Qd3 h6 5. Bxf6 Qxf6 6. e4 d5 7. e5 Qe7 8. a3 Ba5 9. Qg3 O-O 10. h4 a6 11. b4 Bb6 12. Nf3 a5 13. b5 a4 14. h5 c5 15. Rh4 Ba5 16. Kd2 Nd7 17. Rg4 f5 18. Rg6 cxd4 19. Nxd4 f4 20. Rxg7+ Qxg7 21.
Qxg7+ Kxg7 22. Nxe6+ Kf7 23. Nxf8 Nxf8 0-1

[Event "Early-Titled-Tuesday-Blitz-July-09-2024"]
[Site "Chess.com"]
[Date "2024.07.09"]
[Round "1"]
[White "vladislavkovalev"]
[Black "ACollins05"]
[Result "1-0"]
[WhiteElo "2905"]
[BlackElo "2490"]
[TimeControl "180+1"]
[EndTime "8:06:40 PDT"]
[Termination "vladislavkovalev won by resignation"]

1. e4 a6 2. d4 b5 3. Bd3 Bb7 4.
Qe2 e6 5. a4 b4 6. Nf3 Nf6 7. O-O c5 8. d5 d6 9. dxe6 fxe6 10. e5 dxe5 11. Qxe5 Qd5 12. Re1 Qxe5 13. Nxe5 Be7 14. Nd2 O-O 15. Ndc4 Re8 16. Bf4 Bf8 17. Nb6 Ra7 18. a5 Nd5 19. Bg3 Nxb6 20. axb6 Ra8 21. Nc4 Nc6 22. Bc7 a5 23. Be4 a4 24. Ne5 Na5 25. Rxa4 Bxe4 26. Rxe4 Nb7 27. Rxa8 Rxa8 28. g4 Ra2 29. Nc4 Kf7 30. Kf1 Ra1+ 31. Re1 Ra2 32. Ke2 Be7 33. Kd3 Bf6 34. Nd6+ Nxd6 35. Bxd6 Ra6 36.
Bc7 c4+ 37. Kxc4 b3 38. cxb3 Ra5 39. b4 1-0

[Event "Early-Titled-Tuesday-Blitz-July-09-2024"]
[Site "Chess.com"]
[Date "2024.07.09"]
[Round "1"]
[White "eltenedor"]
[Black "HajiyevKanan"]
[Result "0-1"]
[WhiteElo "2145"]
[BlackElo "2569"]
[TimeControl "180+1"]
[EndTime "8:06:40 PDT"]
[Termination "HajiyevKanan won on time"]

1. f4 b6 2. b3 Bb7 3. Bb2 Nf6 4. e3 g6 5. Nf3 Bg7 6. Be2 c5 7. O-O d6 8. Bb5+ Nc6 9. Qe2 a6 10.
Bc4 b5 11. Bd3 O-O 12. a3 d5 13. Ne5 c4 14. bxc4 bxc4 15. Nxc4 dxc4 16. Bxc4 Rb8 17.
Bc3 Qb6 18. a4 Na5 19. Bd3 Rfc8 20. Na3 Qc7 21. Be5 Qc5 22. Bxb8 Rxb8 23. Nc4 Nxc4 24.
Bxc4 a5 25. Rab1 Qc7 26. Rb5 Bc6 27. Rxb8+ Qxb8 28. Bb5 Be4 29. d3 Ba8 30. e4 h5 31.
Rb1 Ng4 32. Qe1 Qb6+ 33. Kf1 Ne3+ 34. Ke2 Nxc2 35. Qc1 Nd4+ 36. Ke1 Qd8 37. Qd2 f5 38. exf5 Nxf5 39. g3 Bd4 40. Rc1 Be3 0-1